 Dungeon Crawl Stone Soup version 0.31.0-1-g2c135a0 (webtiles) character file.

Game seed: 13711516746179687222

256424 Punchie the Hoplite (level 19, -3/193 HPs)
             Began as a Minotaur Fighter on Apr 13, 2024.
             Was an Elder of Ashenzari.
             Killed by divine providence
             ... invoked by a meliai
              (11 damage)
             ... on level 4 of the Spider Nest on Apr 14, 2024.
             The game lasted 02:01:48 (34291 turns).

Punchie the Hoplite (Minotaur Fighter)             Turns: 34291, Time: 02:01:49

Health: -3/193     AC: -16   Str: 27    XL:     19   Next: 7%
Magic:  21/21      EV: 36    Int:  5    God:    Ashenzari [****..]
Gold:   2552       SH: 27    Dex: 18    Spells: 19/19 levels left

rFire   + . .        a - +9 war axe (spect)
rCold   . . .        v - +2 tower shield of Apeoromancy {Dev, Self} (curse)
rNeg    . . .        F - +1 plate armour of the Restrained Sky {rF+, Melee, Fort} (curse)
rPois   +            (helmet restricted)
rElec   .            E - +0 cloak of Supernal Knowledge {Comp, Cun} (curse)
rCorr   .            e - +1 pair of gloves of the Perceptive Fetters {Self, Sorc} (curse)
SInv    +            k - +0 pair of boots "Ruined With Me" {Dev, Fort} (curse)
Will    +....        H - amulet of the Sibylline Seer {Acrobat rPois, Self, Bglg} (curse) Stlth
                     D - ring "I Knew You'd Do That" {EV+5, Cun, Melee} (curse)
HPRegen 0.52/turn    K - +6 ring of dexterity
MPRegen 0.17/turn

%: acrobat, clarity
@: corroded, acrobatic, hasted, studying 2 skills, very quick
A: horns 2, retaliatory headbutt
}: 2/15 runes: decaying, gossamer
a: Renounce Religion, Curse Item, Shatter the Chains


You were on level 4 of the Spider Nest.
You worshipped Ashenzari.
Ashenzari was greatly pleased with you.
You visited 6 branches of the dungeon, and saw 32 of its levels.
You visited the Abyss 2 times.
You also visited: Bailey.

You collected 3682 gold pieces.
You spent 1130 gold pieces at shops.

Inventory:

Hand Weapons
 a - a +9 spectral war axe (weapon)
Armour
 e - the cursed +1 pair of gloves of the Perceptive Fetters (worn) {Self, Sorc}
   (You found it on level 1 of the Dungeon)

   It has a curse which improves the following skills: Introspection: Fighting
   and Spellcasting.
   Sorcery:   Conjurations and Alchemy.
 g - a +2 pair of gloves
 k - the cursed +0 pair of boots "Ruined With Me" (worn) {Dev, Fort}
   (You found it on level 2 of the Dungeon)

   It has a curse which improves the following skills: Devices: Evocations and
   Shapeshifting.
   Fortitude: Armour and Shields.
 v - the cursed +2 tower shield of Apeoromancy (worn) {Dev, Self}
   (You found it on level 3 of the Dungeon)

   It has a curse which improves the following skills: Devices: Evocations and
   Shapeshifting.
   Introspection: Fighting and Spellcasting.
 E - the cursed +0 cloak of Supernal Knowledge (worn) {Comp, Cun}
   (You found it on level 9 of the Dungeon)

   It has a curse which improves the following skills: Companions: Summonings
   and Necromancy.
   Cunning:   Dodging and Stealth.
 F - the cursed +1 plate armour of the Restrained Sky (worn) {rF+, Melee, Fort}
   (You bought it in a shop on level 10 of the Dungeon)

   It has a curse which improves the following skills: Melee Combat: Short
   Blades, Long Blades, Axes, Maces & Flails, Polearms, Staves and Unarmed
   Combat.
   Fortitude: Armour and Shields.
 L - a +0 tower shield
Jewellery
 n - a +6 ring of strength
 u - a ring of willpower
 w - a ring of resist corrosion
 B - a ring of protection from fire
 C - a +4 ring of protection
 D - the cursed ring "I Knew You'd Do That" (left hand) {EV+5, Cun, Melee}
   (You took it off a kobold on level 10 of the Dungeon)

   [ring of evasion]

   EV+5:      It affects your evasion (+5).
   It has a curse which improves the following skills: Cunning: Dodging and
   Stealth.
   Melee Combat: Short Blades, Long Blades, Axes, Maces & Flails, Polearms,
   Staves and Unarmed Combat.
 H - the cursed amulet of the Sibylline Seer (around neck) {Acrobat rPois, Self, Bglg}
   (You bought it in a shop on level 10 of the Dungeon)

   [amulet of the acrobat]

   Acrobat:   It increases your evasion while moving and waiting.
   rPois:     It protects you from poison It has a curse which improves the
   following skills: Introspection: Fighting and Spellcasting.
   Beguiling: Hexes and Translocations.
 J - an amulet of magic regeneration
 K - a +6 ring of dexterity (right hand)
 P - a ring of positive energy
 R - a +6 ring of strength
Wands
 b - a wand of paralysis (27)
 d - a wand of polymorph (25)
 t - a wand of flame (84)
 x - a wand of digging (9)
 A - a wand of light (38)
 T - a wand of roots (24)
Scrolls
 c - 14 scrolls of identify
 h - 2 scrolls of amnesia
 i - 10 scrolls of teleportation
 l - 4 scrolls of fog
 p - a scroll of fear
 q - 2 scrolls of enchant weapon
 y - 4 scrolls of immolation
 G - 5 scrolls of poison
 M - a scroll of brand weapon
Potions
 f - 4 potions of berserk rage
 j - 2 potions of heal wounds
 m - 11 potions of curing
 r - 3 potions of brilliance
 s - 2 potions of haste
 I - 3 potions of cancellation
 N - 3 potions of resistance
 S - a potion of magic
 U - 4 potions of mutation
 V - 3 potions of ambrosia
 W - 4 potions of enlightenment
 Z - a potion of invisibility
Miscellaneous
 o - a sack of spiders
 z - a condenser vane
 O - a phantom mirror
 Q - a lightning rod (4/4)


   Skills:
 + Level 19.4(22.7) Fighting
 + Level 19.2(21.7) Axes
 + Level 18.3(20.8) Armour
 + Level 12.3(14.9) Dodging
 + Level 23.7(25.9) Shields
 - Level 5.0 Invocations
 + Level 11.3(14.0) Evocations


You had 19 spell levels left.
You didn't know any spells.
Your spell library contained the following spells:

 Spells                   Type           Power      Damage    Failure   Level
 Apportation              Tloc           0%         N/A       92%         1
 Kiss of Death            Conj/Necr      0%         2d5       92%         1
 Necrotise                Necr           0%         1d4       92%         1
 Slow                     Hex            0%         N/A       92%         1
 Sting                    Conj/Alch      0%         1d3       92%         1
 Freeze                   Ice            0%         1d3       94%         1
 Shock                    Conj/Air       0%         1d3       94%         1
 Jinxbite                 Hex            0%         N/A       98%         2
 Mercury Vapours          Alch/Air       0%         N/A       98%         2
 Scorch                   Fire           0%         2d5       98%         2
 Static Discharge         Conj/Air       0%         3-3/arc   98%         2
 Confusing Touch          Hex            0%         N/A       100%        3
 Dazzling Flash           Conj/Hex       0%         N/A       100%        3
 Frozen Ramparts          Ice            0%         1d1       100%        3
 Fugue of the Fallen      Necr           0%         N/A       100%        3
 Hailstorm                Conj/Ice       0%         3d5       100%        3
 Mephitic Cloud           Conj/Alch/Air  0%         N/A       100%        3
 Ozocubu's Armour         Ice            0%         N/A       100%        3
 Sigil of Binding         Hex            0%         N/A       100%        3
 Swiftness                Air            0%         N/A       100%        3
 Tukima's Dance           Hex            0%         N/A       100%        3
 Vampiric Draining        Necr           0%         2d6       100%        3
 Volatile Blastmotes      Fire/Tloc      0%         2d10      100%        3
 Airstrike                Air            0%         2d(0-16)  100%        4
 Brom's Barrelling Bould  Conj/Erth      0%         2d3       100%        4
 Dispel Undead            Necr           0%         3d6       100%        4
 Flame Wave               Conj/Fire      0%         2d4       100%        4
 Iskenderun's Mystic Bla  Conj/Tloc      0%         2d3       100%        4
 Leda's Liquefaction      Alch/Erth      0%         N/A       100%        4
 Manifold Assault         Tloc           0%         N/A       100%        4
 Martyr's Knell           Necr/Summ      0%         N/A       100%        4
 Passage of Golubria      Tloc           0%         N/A       100%        4
 Summon Blazeheart Golem  Fire/Summ      0%         N/A       100%        4
 Summon Lightning Spire   Summ/Air       0%         N/A       100%        4
 Alistair's Intoxication  Alch           0%         N/A       100%        5
 Arcjolt                  Conj/Air       0%         1d10      100%        5
 Curse of Agony           Necr           0%         N/A       100%        5
 Fireball                 Conj/Fire      0%         3d3       100%        5
 Iskenderun's Battlesphe  Conj           0%         2d6       100%        5
 Lee's Rapid Deconstruct  Erth           0%         3d4*      100%        5
 Yara's Violent Unravell  Hex/Alch       0%         3d3       100%        5
 Bombard                  Conj/Erth      0%         9d1       100%        6
 Conjure Ball Lightning   Conj/Air       0%         3x3d6     100%        6
 Sculpt Simulacrum        Ice/Alch       0%         N/A       100%        6
 Starburst                Conj/Fire      0%         6d3       100%        6
 Summon Cactus Giant      Summ           0%         N/A       100%        6
 Orb of Destruction       Conj           0%         9d5       100%        7
 Ozocubu's Refrigeration  Ice            0%         4d7       100%        7
 Spellforged Servitor     Conj/Summ      0%         N/A       100%        7
 Maxwell's Capacitive Co  Air            0%         ∞         100%        8
 Polar Vortex             Ice            0%         N/A       100%        9


Dungeon Overview and Level Annotations

Branches:
Dungeon (14/15)            Temple (0/1) D:7            Lair (5/5) D:9
  Swamp (4/4) Lair:3       Spider (4/4) Lair:2        Slime (0/5) Lair:4
    Orc (2/2) D:9             Elf (3/3) Orc:2        Vaults (0/5) D:13
 Bailey (visited)

Altars:
Ashenzari
Hepliaklqana
Kikubaaqudgha
Makhleb
Nemelex Xobeh
Okawaru
Qazlal
Ru
Sif Muna
Trog
Vehumet
Wu Jian
Xom
Yredelemnul
Zin
The Shining One
Jiyva

Shops:
D:10 ==[*[   Orc:2 ?*:([[

Portals:
Hell: Lair:5
Trove: Elf:2 (give +4 fire dragon scales)

Annotations:
Lair:5 exclusion: oklob plant
Swamp:3 Roxanne


Innate Abilities, Weirdness & Mutations

You have a pair of horns on your head.
You reflexively headbutt those who attack you in melee.


Message History

The entropic weave corrodes you!
You are caught in the web!
The redback bites you!
There is a web here.
You struggle to detach yourself from the web.
The redback bites you!
The entropy weaver gestures at you while chanting.
The entropic weave corrodes you!
You disentangle yourself.
You block the redback's attack.
The meliai calls down the wrath of its god upon you.
Something smites you!
* * * LOW HITPOINT WARNING * * *
The entropy weaver gestures at you while chanting.
The entropic weave corrodes you! You block the redback's attack.
The meliai mumbles some strange prayers to its god against you.
Something smites you!
* * * LOW HITPOINT WARNING * * *
The entropy weaver gestures at you while chanting.
The entropic weave corrodes you! The redback attacks as it pursues you!
You block the redback's attack.
You feel better. You block the redback's attack.
The meliai mumbles some strange prayers to its god against you.
Something smites you!
* * * LOW HITPOINT WARNING * * *
The redback bites you.
* * * LOW HITPOINT WARNING * * *
You feel yourself speed up. The redback bites you!
* * * LOW HITPOINT WARNING * * *
The redback attacks as it pursues you! You block the redback's attack.
The entropy weaver gestures at you while chanting.
The entropic weave corrodes you! The redback attacks as it pursues you!
You block the redback's attack. The redback attacks as it pursues you!
You block the redback's attack.
The meliai calls down the wrath of its god upon you.
Something smites you!
* * * LOW HITPOINT WARNING * * *
The entropy weaver gestures at the redback while chanting.
The entropic weave corrodes you!
The meliai mumbles some strange prayers to its god against you.
Something smites you!
You die...

#####s.s### ###B†{{.#^yB#
sssy#######.######## .####
#......^.## ## #..≈.^##..#
{## **#..~..~##.# ..##
*,##~..s^.#.# #.{#
***###....#.# ##s#
#######.@...###### {^^#
##...##.^.......#.## ####
###~.~..#..~##.......#######
#~.........#####.#..###.#...
##..........# ###....#.....
#.....≈≈..### ##..###..##
#~.####≈≈..# #.....#..##
#..#..##≈..# ##.#..#...#
#..#..[#≈..## ###.....#.


You could see an entropy weaver, a redback and a meliai.

Vanquished Creatures
  Arachne (Spider:2)
  Jorgrun (Swamp:2)
  Mlioglotl (Spider:2)
  A deep elf blademaster (Elf:3)
  Agnes (D:14)
  The ghost of Alkett the Tortoise, an adept MiFi of Okawaru (Spider:3)
  A thorn hunter (Swamp:2)
  Kirke (D:12)
  Frances (Spider:2)
  Aizul (Spider:4)
  2 deep elf elementalists (Elf:3)
  Louise (Lair:3)
  9 emperor scorpions
  5 ghost moths
  An orc warlord (Orc:2)
  3 broodmothers
  5 eleionomae
  A deep elf death mage (Elf:3)
  An ironbound thunderhulk (D:12)
  A deep elf demonologist (Elf:3)
  5 bunyips
  Azrael (D:13)
  A spark wasp (Spider:4)
  3 slime creatures
  The ghost of sup the Grappler, a journeyman TrBe of Trog (Lair:1)
  A deep elf high priest (Elf:3)
  2 entropy weavers
  A shambling mangrove (Swamp:3)
  A rakshasa (D:13)
  3 fire dragons
  2 vault guards
  16 hydras
  A jorogumo (Spider:3)
  An ice dragon (Abyss:4)
  8 centaur warriors
  3 boulder beetles
  A catoblepas (Lair:4)
  An ogre mage (Abyss:4)
  31 dancing weapons
  A death scarab (Spider:4)
  5 two-headed ogres
  4 alligators
  A radroach (Spider:3)
  3 death yaks (Lair:5)
  A tengu warrior (D:11)
  2 orc high priests
  The ghost of holocube the Covert, a journeyman FeEn of Wu Jian (Lair:2)
  A sun demon (Elf:2)
  A skyshark (Lair:3)
  Sonja (D:12)
  25 deep elf knights
  8 pharaoh ants
  A death drake (Swamp:4)
  A skeletal warrior (D:13)
  A sixfirhy (Lair:5)
  3 spriggan druids
  3 goliath frogs
  8 orb spiders
  2 arcanists
  6 deep elf archers
  A sun moth (Spider:2)
  3 bog bodies
  11 steelbarb worms
  5 lindwurms (Swamp:4)
  13 swamp dragons
  A spectral hydra (Lair:1)
  A lindwurm (shapeshifter) (D:11)
  24 deep elf zephyrmancers
  2 orc knights (Orc:2)
  14 wolf spiders
  3 orc sorcerers
  5 will-o-the-wisps (Swamp:4)
  21 deep elf pyromancers
  12 ugly things
  8 manticores
  6 moths of wrath
  A faun (shapeshifter) (Elf:1)
  Maurice (D:12)
  4 meliai
  5 cyclopes
  4 kobold blastminers
  Joseph (D:8)
  16 elephants
  8 black mambas
  A torpor snail (shapeshifter) (Elf:2)
  A torpor snail (Lair:2)
  11 cane toads
  3 gargoyles
  5 orange demons
  3 unseen horrors
  A large abomination (Abyss:4)
  7 rime drakes
  3 efreet
  7 komodo dragons
  A tengu conjurer (D:11)
  4 kobold demonologists (D:10)
  2 ice devils (Lair:5)
  3 red devils (Lair:5)
  8 trolls
  3 polar bears
  A hellwing (Lair:5)
  11 hornets
  A raiju (Abyss:4)
  15 tyrant leeches
  24 tarantellas
  23 blink frogs
  A glass eye (shapeshifter) (D:11)
  7 dream sheep (Lair:3)
  15 culicivoras
  26 jumping spiders
  2 shadows
  2 vampires
  2 air elementals (Elf:1)
  5 wyverns
  4 wraiths
  12 spriggans
  3 fire bats (Abyss:4)
  6 water elementals
  35 yaks
  2 hogs (D:12)
  A human (D:13)
  3 fire elementals
  A spectral komodo dragon (Lair:1)
  55 redbacks
  4 basilisks
  A neqoxec (Abyss:4)
  A chaos spawn (Abyss:4)
  7 vampire mosquitoes
  19 swamp worms
  5 acid dragons
  15 water moccasins
  4 hell hounds
  2 sky beasts
  A spectral torpor snail (Lair:1)
  7 swamp drakes
  3 black bears
  34 orc warriors
  A boulder beetle simulacrum (Lair:1)
  A black mamba simulacrum (Lair:1)
  10 wolves
  12 centaurs
  4 ogres
  A brain worm (shapeshifter) (Elf:1)
  9 kobold brigands
  12 bullfrogs
  2 gnoll sergeants
  A small abomination (Abyss:4)
  5 scorpions (Orc:1)
  A cane toad simulacrum (Lair:1)
  3 wights (D:7)
  6 killer bees (D:8)
  6 electric eels
  11 howler monkeys
  A lava snake (Swamp:4)
  A komodo dragon simulacrum (Lair:1)
  2 hounds
  6 jellies
  13 orc priests
  7 iguanas
  24 orc wizards
  6 gnolls
  6 adders
  A shadow imp (D:6)
  2 white imps
  2 ufetubi (D:6)
  A dart slug (D:4)
  3 ribbon worms
  90 orcs
  8 ball pythons
  2 endoplasms
  10 goblins
  5 hobgoblins
  15 jackals
  2 quokkas
  6 bats
  2 frilled lizards
  24 kobolds
  11 rats
1129 creatures vanquished.

Vanquished Creatures (others)
  A deep elf death mage (Elf:1)
  An eleionoma (Swamp:3)
  An ogre mage (Abyss:4)
  An orb spider (Spider:2)
  A torpor snail (Spider:3)
  3 bloated husks
  2 fire bats (Abyss:4)
  A water elemental (D:14)
  A golden eye (Abyss:4)
  5 chaos spawn (Abyss:4)
  A swamp drake (Swamp:4)
  A jelly (Abyss:4)
  2 orcs (D:7)
  18 foxfires (Swamp:4)
  19 spectral weapons
58 creatures vanquished.

Grand Total: 1187 creatures vanquished

Notes
Turn   | Place    | Note
-------+----------+-------------------------------------------
     0 | D:1      | Punchie the Minotaur Fighter began the quest for the Orb.
     0 | D:1      | Reached XP level 1. HP: 19/19 MP: 0/0
   230 | D:1      | Reached XP level 2. HP: 24/27 MP: 1/1
   744 | D:2      | Reached XP level 3. HP: 25/34 MP: 2/2
   827 | D:2      | Found a bloodstained altar of Trog.
  1647 | D:3      | Reached XP level 4. HP: 39/41 MP: 3/3
  1732 | D:3      | Found an ancient bone altar of Kikubaaqudgha.
  1740 | D:3      | Reached skill level 5 in Fighting
  1870 | D:3      | Found a transporter.
  1965 | D:3      | Found a transporter.
  2251 | D:3      | Reached XP level 5. HP: 48/48 MP: 4/4
  2257 | D:3      | Found a shimmering altar of Xom.
  2460 | D:4      | Reached skill level 5 in Axes
  2472 | D:4      | Found a sacrificial altar of Ru.
  2574 | D:4      | Found a hazy altar of Hepliaklqana.
  2586 | D:4      | Reached XP level 6. HP: 57/58 MP: 5/5
  2763 | D:4      | Found a broken altar of Ashenzari.
  2769 | D:4      | Became a worshipper of Ashenzari the Shackled
  2937 | D:4      | Found a glowing golden altar of the Shining One.
  3059 | D:4      | Found a stormy altar of Qazlal.
  3106 | D:5      | Entered Level 5 of the Dungeon
  3151 | D:5      | Reached skill level 4 in Shields
  3408 | D:5      | Reached XP level 7. HP: 64/64 MP: 6/6
  3742 | D:5      | Reached skill level 5 in Armour
  3742 | D:5      | Reached skill level 5 in Shields
  3757 | D:5      | Found an iron altar of Okawaru.
  3802 | D:5      | Identified the +0 helmet of the Villain {^Contam Rampage
                  | rF+ Will+}
  4367 | D:6      | Reached XP level 8. HP: 65/73 MP: 7/7
  4683 | D:6      | Noticed a moth of wrath
  4685 | D:6      | Found a bloodstained altar of Trog.
  4960 | D:6      | Found a sparkling altar of Nemelex Xobeh.
  5050 | D:6      | Reached skill level 6 in Shields
  5170 | D:6      | Identified the +0 ring mail "Zivvutuq" {Will+}
  5329 | D:7      | Found a staircase to the Ecumenical Temple.
  5775 | D:7      | Found an ornate altar of the Wu Jian Council.
  6066 | D:8      | Reached skill level 7 in Shields
  6066 | D:8      | Reached XP level 9. HP: 83/83 MP: 8/8
  6097 | D:8      | Found a flagged portal.
  6111 | Bailey   | Entered a bailey
  6293 | Bailey   | Reached skill level 1 in Invocations
  6318 | Bailey   | Found a bloodstained altar of Trog.
  6351 | D:8      | Noticed a two-headed ogre
  6359 | D:8      | Killed a two-headed ogre
  6360 | D:8      | Reached skill level 8 in Shields
  6409 | D:8      | Got the Precepts of the Arctic Sky
  6458 | D:8      | Noticed Joseph
  6465 | D:8      | Killed Joseph
  6810 | D:8      | Reached XP level 10. HP: 91/93 MP: 11/11
  6991 | D:8      | Identified a scroll of acquirement
  6991 | D:8      | Acquired a manual of Shields
  7023 | D:9      | Reached skill level 10 in Fighting
  7170 | D:9      | Found a radiant altar of Vehumet.
  7319 | D:9      | Found a glowing silver altar of Zin.
  7319 | D:9      | Found a basalt altar of Yredelemnul.
  7367 | D:9      | Noticed an elephant
  7369 | D:9      | Found a staircase to the Lair.
  7375 | D:9      | Noticed an orange demon
  7383 | D:9      | Noticed a sun demon
  7407 | D:10     | Entered Level 10 of the Dungeon
  7590 | D:10     | Reached skill level 9 in Shields
  7604 | D:10     | Noticed a rust devil
  7683 | D:10     | Noticed a rust devil
  7692 | D:10     | Reached skill level 10 in Axes
  7699 | D:10     | Noticed a soul eater
  8117 | D:9      | Reached skill level 10 in Shields
  8186 | D:9      | Killed an elephant
  8211 | D:9      | Found a staircase to the Orcish Mines.
  8253 | D:9      | Reached skill level 5 in Invocations
  8329 | D:9      | Reached * piety under Ashenzari
  8485 | D:10     | Found Laitobie's Armour Boutique.
  8497 | D:10     | Found Zihiogh's Jewellery Emporium.
  8558 | D:10     | Found a burning altar of Makhleb.
  8709 | D:10     | Reached skill level 11 in Shields
  8725 | D:10     | Reached XP level 11. HP: 104/104 MP: 13/13
  8785 | D:10     | Found Okokkioxt's Armour Boutique.
  8785 | D:10     | Noticed an animated pearl dragon scales
  8785 | D:10     | Noticed an animated crystal plate armour
  8794 | D:10     | Found Jajaewext's General Store.
  8978 | D:10     | Bought a +1 plate armour of fire resistance for 595 gold
                  | pieces
  9288 | D:10     | Found Iwnaimyi's Jewellery Emporium.
  9290 | D:10     | Bought the amulet of Setianie {Acrobat rPois} for 535 gold
                  | pieces
  9386 | D:10     | Found a shimmering blue altar of Sif Muna.
  9828 | D:11     | Reached ** piety under Ashenzari
  9834 | D:11     | Noticed a two-headed ogre
  9843 | D:11     | Killed a two-headed ogre
  9844 | D:11     | Reached skill level 12 in Shields
 10095 | D:11     | Reached skill level 10 in Armour
 10095 | D:11     | Reached skill level 13 in Shields
 10160 | D:11     | Noticed a centaur warrior
 10160 | D:11     | Noticed a brown ugly thing
 10161 | D:11     | Noticed a centaur warrior
 10165 | D:11     | Killed a brown ugly thing
 10166 | D:11     | Noticed a lindwurm
 10167 | D:11     | Noticed a tengu warrior
 10170 | D:11     | Killed a centaur warrior
 10171 | D:11     | Noticed a deep elf pyromancer
 10175 | D:11     | Killed a centaur warrior
 10185 | D:11     | Killed a lindwurm
 10193 | D:11     | Killed a deep elf pyromancer
 10197 | D:11     | Reached XP level 12. HP: 49/117 MP: 14/14
 10205 | D:11     | Reached skill level 14 in Shields
 10205 | D:11     | Killed a tengu warrior
 10973 | D:12     | Noticed a boulder beetle
 10998 | D:12     | Killed a boulder beetle
 11169 | D:12     | Noticed a two-headed ogre
 11179 | D:12     | Killed a two-headed ogre
 11317 | D:12     | Noticed Kirke
 11331 | D:12     | Noticed a sphinx
 11335 | D:12     | Identified the cursed +0 cloak of Supernal Knowledge {Comp,
                  | Cun} (You found it on level 9 of the Dungeon)
 11335 | D:12     | Identified the cursed +2 tower shield of Apeoromancy {Dev,
                  | Self} (You found it on level 3 of the Dungeon)
 11337 | D:12     | Killed Kirke
 11338 | D:12     | Reached skill level 15 in Shields
 11550 | D:12     | Noticed Maurice
 11555 | D:12     | Killed Maurice
 11592 | D:12     | Noticed a centaur warrior
 11605 | D:12     | Killed a centaur warrior
 11614 | D:12     | Reached skill level 1 in Evocations
 11916 | D:12     | Noticed Sonja
 11929 | D:12     | Killed Sonja
 12290 | D:13     | Noticed a centaur warrior
 12292 | D:13     | Noticed a vault guard
 12292 | D:13     | Noticed an ironbound thunderhulk
 12294 | D:13     | Noticed a vault guard
 12538 | D:12     | Killed a vault guard
 12586 | D:12     | Killed an ironbound thunderhulk
 12786 | D:12     | Killed a centaur warrior
 12936 | D:13     | Killed a vault guard
 12937 | D:13     | Reached skill level 16 in Shields
 12953 | D:13     | Found a gate to the Vaults.
 13051 | D:13     | Identified the +0 chain mail of Motzusteesh {+Blink Int+4}
 13234 | D:13     | Noticed a rakshasa
 13235 | D:13     | Noticed a two-headed ogre
 13299 | D:13     | Killed a two-headed ogre
 13300 | D:13     | Reached XP level 13. HP: 110/128 MP: 15/15
 13455 | D:13     | Identified the +3 leather armour "Acipp" {rC++}
 13536 | D:13     | Reached *** piety under Ashenzari
 13997 | D:14     | Noticed Azrael
 14020 | D:13     | Killed Azrael
 14463 | D:14     | Noticed Agnes
 14482 | D:14     | Killed Agnes
 14483 | D:14     | Reached skill level 17 in Shields
 15327 | D:13     | Reached skill level 5 in Evocations
 15743 | Lair:1   | Entered Level 1 of the Lair of Beasts
 16028 | Lair:1   | Reached skill level 1 in Dodging
 16029 | Lair:1   | Reached XP level 14. HP: 141/141 MP: 16/16
 16035 | Lair:1   | Reached skill level 15 in Fighting
 16065 | Lair:1   | Reached **** piety under Ashenzari
 16084 | Lair:1   | Identified the +2 chain mail "Mihodul" {rElec Str+4 Int+3}
 16287 | Lair:1   | Found a runed translucent gate.
 16288 | Lair:1   | Found a runed translucent gate.
 16289 | Lair:1   | Found a runed translucent gate.
 16290 | Lair:1   | Noticed sup's ghost (journeyman TrBe)
 16308 | Lair:1   | Killed sup's ghost
 16309 | Lair:1   | Reached skill level 18 in Shields
 16810 | Lair:2   | Found a runed translucent door.
 16837 | Lair:2   | Identified the +0 trident of Ragnarok {speed, rElec Stlth+}
 16837 | Lair:2   | Noticed holocube's ghost (journeyman FeEn)
 16878 | Lair:2   | Reached skill level 15 in Axes
 16912 | Lair:2   | Found a hole to the Spider Nest.
 17649 | Lair:2   | Killed holocube's ghost
 18132 | Lair:3   | Found a staircase to the Swamp.
 18985 | Lair:4   | Found a viscous altar of Jiyva.
 18985 | Lair:4   | Found a staircase to the Slime Pits.
 19545 | Lair:5   | Entered Level 5 of the Lair of Beasts
 19583 | Lair:5   | Reached skill level 5 in Dodging
 19608 | Lair:5   | Reached XP level 15. HP: 129/152 MP: 17/17
 19877 | Lair:5   | Found a stormy altar of Qazlal.
 20311 | Lair:5   | Reached skill level 19 in Shields
 20731 | Lair:5   | Found a burning altar of Makhleb.
 20922 | Lair:5   | Found a gateway to Hell.
 21195 | Orc:1    | Entered Level 1 of the Orcish Mines
 21626 | Orc:2    | Entered Level 2 of the Orcish Mines
 21717 | Orc:2    | Reached skill level 15 in Armour
 21759 | Orc:2    | Found a staircase to the Elven Halls.
 21877 | Orc:2    | Found Coogaun's Book Shop.
 21974 | Orc:2    | Found Wiulus's Magic Scroll Emporium.
 22071 | Orc:2    | Found Ovvyep's General Store.
 22651 | Orc:2    | Found Meum's Antique Weapon Shoppe.
 22657 | Orc:2    | Found Qeyqaeng's Antique Armour Emporium.
 22830 | Orc:2    | Found Voten's Armour Boutique.
 22997 | Elf:1    | Entered Level 1 of the Elven Halls
 23330 | Elf:1    | Reached XP level 16. HP: 146/163 MP: 18/18
 23394 | Elf:1    | Reached skill level 20 in Shields
 24639 | Elf:2    | Found a runed translucent gate.
 24640 | Elf:2    | Found a runed translucent gate.
 24640 | Elf:2    | Found a runed translucent gate.
 24949 | Elf:2    | Identified the blade talisman of the Beginning {+Blink rN++
                  | Will- SInv}
 24954 | Elf:2    | Reached skill level 21 in Shields
 25210 | Elf:2    | Found a portal to a secret trove of treasure.
 25367 | Elf:2    | Identified the Elucidation of Combat Magic
 25580 | Elf:3    | Entered Level 3 of the Elven Halls
 25621 | Elf:3    | Reached XP level 17. HP: 117/173 MP: 19/19
 25899 | Elf:3    | Noticed a deep elf blademaster
 25909 | Elf:3    | Noticed a deep elf blademaster
 26102 | Elf:3    | Killed a deep elf blademaster
 26145 | Abyss:4  | Cast into level 4 of the Abyss (a deep elf sorcerer)
 26307 | Abyss:4  | Noticed a lich
 26365 | Abyss:4  | HP: 5/138 [lich/bolt of cold (29)]
 26372 | Elf:3    | Escaped the Abyss
 26384 | Elf:3    | HP: 3/138 [deep elf elementalist/blast of rock fragments
                  | (20)]
 26792 | Abyss:4  | Cast into level 4 of the Abyss (a deep elf sorcerer)
 26829 | Elf:3    | Escaped the Abyss
 27171 | Swamp:1  | Entered Level 1 of the Swamp
 27180 | Swamp:1  | Noticed Louise
 27196 | Lair:3   | Killed Louise
 28312 | Swamp:2  | Reached skill level 10 in Dodging
 28948 | Swamp:2  | Noticed Jorgrun
 28962 | Swamp:2  | Killed Jorgrun
 29349 | Swamp:3  | Noticed Roxanne
 29447 | Swamp:3  | Reached skill level 10 in Evocations
 29678 | Swamp:4  | Entered Level 4 of the Swamp
 29711 | Swamp:4  | Reached skill level 22 in Shields
 30456 | Swamp:4  | Got a decaying rune of Zot
 30750 | Swamp:4  | Reached XP level 18. HP: 161/184 MP: 20/20
 31066 | Spider:1 | Entered Level 1 of the Spider Nest
 31850 | Spider:2 | Noticed Mlioglotl
 31851 | Spider:2 | Noticed an ancient lich
 31864 | Spider:2 | Killed Mlioglotl
 32191 | Spider:2 | Noticed Arachne
 32202 | Spider:2 | Killed Arachne
 32425 | Spider:2 | Noticed Frances
 32433 | Spider:2 | Killed Frances
 32434 | Spider:2 | Reached skill level 23 in Shields
 32782 | Spider:3 | Identified the serpent talisman "Onimun" {rN+++ Str-5 Int+3
                  | Stlth+}
 32782 | Spider:3 | Noticed Aizul
 32795 | Spider:4 | Entered Level 4 of the Spider Nest
 32798 | Spider:4 | Killed Aizul
 33229 | Spider:3 | Found a runed translucent door.
 33231 | Spider:3 | Noticed Alkett's ghost (adept MiFi)
 33246 | Spider:3 | Killed Alkett's ghost
 33975 | Spider:4 | Found the sphere of Battle
 33989 | Spider:4 | Reached XP level 19. HP: 148/193 MP: 10/21
 34040 | Spider:4 | Got a gossamer rune of Zot
 34288 | Spider:4 | HP: 7/193 [meliai/divine providence (15)]
 34291 | Spider:4 | Killed from afar by a meliai

Illustrated notes

Levels and vault maps discovered:
D:1:      dpeg_arrival_subterranean_lakeside_camping, layout_loops_cross
D:2:      layout_basic, basic_altar
D:3:      gammafunk_wand_slinger, layout_basic,
          mainiacjoe_overflow_concentric_impassable,
          mainiacjoe_overflow_alcove_4, serial_glass, glass_columns_c,
          glass_columns_b, minmay_misc_feat_five
D:4:      layout_cave_pools, nicolae_qazlal_eye_of_the_storm,
          mainiacjoe_overflow_six_doors_small,
          mainiacjoe_overflow_cross_hatched, nicolae_ru_sacrificial_ziggurat,
          tso_metal_star, serial_bayou_ford_a
D:5:      layout_layer_cave, mainiacjoe_overflow_surrounded_room
D:6:      layout_rooms, nemelex_altar_shiori, tgw_trog
D:7:      layout_basic, mainiacjoe_overflow_alcove_2,
          minmay_temple_entry_butterflies, corexii_hall_statues_l
D:8:      layout_rooms, enter_bailey_5, nicolae_titane, uniq_joseph
D:9:      layout_roguey, nicolae_vehumet_altar_sigil,
          gammafunk_temple_overflow_statue, david_lair_generic, david_orc_3
D:10:     layout_cave_pods, lemuel_blue_sif_altar, bloody_makhleb, serial_shops,
          nicolae_diamond_shop, nicolae_shop_gaudy_bauble,
          nicolae_shop_mannequins, nicolae_diamond_shop, shop
D:11:     minmay_the_grid_triangle_9x9_rhombus_full
          [minmay_the_grid_triangle_9x9_alien,
          minmay_the_grid_triangle_9x9_cache,
          minmay_the_grid_triangle_9x9_corrupted_corridor,
          minmay_the_grid_triangle_9x9_empty,
          minmay_the_grid_triangle_9x9_steps,
          minmay_the_grid_triangle_9x9_empty,
          minmay_the_grid_triangle_9x9_odd_lines,
          minmay_the_grid_triangle_9x9_prize_insulated], layout_small_grid,
          gauntlet_entry_generic
D:12:     layout_loops_ring, minmay_checkerbox, uniq_kirke, uniq_sonja,
          uniq_maurice
D:13:     layout_gridville, hellmonk_vaults_keyhole
D:14:     layout_loops_ring, hangedman_decor_opposing, serial_bayou,
          serial_bayou_crossing, serial_bayou_pond_e, serial_bayou_pond_c,
          serial_bayou_lagoon_b, serial_bayou_lake_a, serial_bayou_pond_d,
          kennysheep_generic_room_10, uniq_azrael, uniq_agnes
Lair:1:   layout_hall_layers, gammafunk_ghost_necromancy
Lair:2:   layout_regular_city, nicolae_spider_entry_orb_guardian,
          ebering_ghost_funeral_grove, beast_lair_carwin_4
Lair:3:   layout_small_grid, minmay_swamp_entry_worms
Lair:4:   layout_big_grid, slime_entry_1
Lair:5:   evil_forest, layout_small_grid, lemuel_centaur_altar
Swamp:1:  layout_basic_swamp, evilmike_swamp_ruin_house_6,
          nicolae_swamp_tree_isthmus, uniq_louise
Swamp:2:  layout_falls_marsh, nicolae_swamp_big_swirl, swamp_pool_1_2,
          uniq_jorgrun
Swamp:3:  layout_basic_swamp, nicolae_swamp_small_spring, uniq_roxanne
Swamp:4:  swamp_fiery, layout_basic_swamp, nicolae_swamp_decorative_isthmus
Spider:1: layout_spider_delve
Spider:2: layout_spider_delve, uniq_frances, uniq_arachne, uniq_mlioglotl
Spider:3: layout_spider_delve, ebering_ghost_reflecting_pool,
          hellmonk_spider_spawner, uniq_aizul
Spider:4: grunt_spider_rune_circles, hangedman_spider_tarantella_strand
Orc:1:    layout_caves, einodemon_barbed_minivault
Orc:2:    grunt_orc_community_town_hall, layout_diamond_mine,
          grunt_orc_community_big_house_1, grunt_orc_community_big_house_1,
          grunt_orc_community_house_2, grunt_orc_community_house_1,
          grunt_orc_community_house_1, grunt_orc_community_house_3,
          serial_shops, nicolae_shop_back_alley_shop, nicolae_lakefront_shop
Elf:1:    minmay_elf_arrival_circle, layout_geoelf_grid,
          hangedman_elven_crosses_minicolossus, grunt_ministairs_10
Elf:2:    nicolae_elf_blades_crystal_corner, layout_loops_corners, enter_trove_0
Elf:3:    elf_hall, layout_gridlike, special_room [special_room_mythical_zoo]

Skill      XL: |  1  2  3  4  5  6  7  8  9 10 11 12 13 14 15 16 17 18 |
---------------+-------------------------------------------------------+-----
Fighting       | 4 5 6 7 8 9 11 12 13 14 15 16 17 18 19 | 19.4
Axes           | 3 4 5 6 7 8 9 10 12 13 14 15 16 17 18 19 | 19.2
Armour         | 4 5 6 8 10 12 13 14 15 16 17 18 | 18.3
Shields        | 4 5 7 8 11 13 16 17 18 19 21 22 23 | 23.7
Invocations    | 3 5 |  5.0
Evocations     | 2 5 6 8 9 10 11 | 11.3
Dodging        | 1 5 7 9 10 12 | 12.3

Action                     |  1- 3 |  4- 6 |  7- 9 | 10-12 | 13-15 | 16-18 | 19-21 || total
---------------------------+-------+-------+-------+-------+-------+-------+-------++-------
  Melee: War axe           |    78 |   114 |   219 |   487 |   758 |   916 |    68 ||  2640
         Headbutt          |    10 |    15 |    38 |   123 |   208 |   264 |    25 ||   683
         Unarmed           |       |       |       |     9 |       |       |       ||     9
 Invoke: Curse Item        |       |       |     1 |     3 |     3 |       |       ||     7
  Evoke: Wand              |       |       |       |       |    10 |     2 |       ||    12
    Use: Scroll            |     7 |     6 |     7 |     8 |     2 |     5 |       ||    35
         Potion            |       |       |       |     4 |     1 |    12 |     2 ||    19
   Stab: Distracted        |       |       |       |       |     7 |    19 |     1 ||    27
         Petrified         |       |       |       |       |     2 |       |       ||     2
 Armour: Scale mail        |    58 |    63 |    83 |       |       |       |       ||   204
         Plate armour      |       |       |    19 |   407 |   354 |   328 |    19 ||  1127
         Skin              |       |       |       |     7 |       |       |       ||     7
  Dodge: Dodged            |    34 |    20 |    51 |    90 |   290 |   449 |    30 ||   964
  Block: Buckler           |    23 |    21 |       |       |       |       |       ||    44
         Reflection        |     2 |     8 |    19 |    10 |       |       |       ||    39
         Tower shield      |       |    76 |   287 |   615 |  1027 |  1187 |   106 ||  3298
